 Dungeon Crawl Stone Soup version 0.10.4 character file.

267 Chimkentus the Vexing (level 4, -1/21 HPs)
             Began as a Spriggan Enchanter on Apr 12, 2024.
             Slain by Valeaz's ghost (10 damage)
             ... in the sewers.
             The game lasted 00:26:01 (3280 turns).

Chimkentus the Vexing (Spriggan Enchanter)          Turns: 3280, Time: 00:26:01

HP  -1/21        AC  4     Str  4      XL: 4   Next: 86%
MP   0/13        EV 19     Int 17      God:
Gold 150         SH  0     Dex 16      Spells:  3 memorised,  3 levels left

Res.Fire  : . . .   See Invis. : +   w - +1,+2 dagger
Res.Cold  : . . .   Warding    : . . b - +2 robe
Life Prot.: . . .   Conserve   : .   (shield restricted)
Res.Acid. : . . .   Res.Corr.  : .   (helmet restricted)
Res.Poison: .       Clarity    : .   (no cloak)
Res.Elec. : .       Spirit.Shd : .   (gloves unavailable)
Sust.Abil.: . .     Stasis     : .   (boots unavailable)
Res.Mut.  : .       Ctrl.Telep.: .   (no amulet)
Res.Rott. : .       Levitation : .   (no ring)
Saprovore : . . .   Ctrl.Flight: .   (no ring)

@: very quick, slightly resistant to hostile enchantments, quite stealthy
A: unfitting armour, see invisible, herbivore 3, speed 3, slow metabolism 3
a: no special abilities


You were in the sewers.
You were very hungry.

You visited 1 branch of the dungeon, and saw 3 of its levels.
You visited 1 portal chamber: sewer.

You collected 130 gold pieces.

Inventory:

Hand weapons
 a - a +1,+1 dagger {=f}
 k - a +0,+0 sling
 w - a +1,+2 dagger (weapon)
 B - a +1,+0 elven short sword
Missiles
 d - 14 +1 darts (quivered)
 q - 20 +0 stones
Armour
 b - a +2 robe (worn)
Magical devices
 v - a wand of enslavement (4) {unknown}
Scrolls
 f - a scroll of detect curse {unknown}
 i - a scroll of magic mapping {unknown}
 m - a scroll of remove curse
 n - a scroll of enchant armour
 r - a scroll of teleportation {unknown}
 t - a scroll of curse weapon {unknown}
 u - a scroll of enchant weapon II {unknown}
Potions
 e - a potion of porridge
 g - a potion of restore abilities
 h - a potion of curing
 j - a potion of heal wounds {unknown}
 p - a potion of resistance {unknown}
 z - a potion of invisibility {unknown}
 A - a potion of might {unknown}
Books
 c - a book of Maledictions

   Spells                             Type                      Level
   *Corona                            Hexes                        1
   Sure Blade                         Hexes/Charms                 2
   *Ensorcelled Hibernation           Hexes/Ice                    2
   *Confuse                           Hexes                        3
   Enslavement                        Hexes                        4
   Invisibility                       Hexes                        6


   Skills:
 + Level 0.1 Fighting
 + Level 1.7 Short Blades
 + Level 1.2 Throwing
 + Level 3.7 Dodging
 * Level 4.2 Stealth
 - Level 3.9 Stabbing
 + Level 0.5 Traps & Doors
 + Level 3.0 Spellcasting
 * Level 5.0 Hexes
 + Level 1.1 Ice Magic


You had 3 spell levels left.
You knew the following spells:

 Your Spells              Type           Power        Failure   Level  Hunger
a - Corona                Hex            ####....     2%          1    None
b - Ensorcelled Hibernat  Ice/Hex        ###....      10%         2    Choko
c - Confuse               Hex            ####.....    10%         3    Choko

Dungeon Overview and Level Annotations

Branches:
Dungeon (3/27)

Altars:


Innate Abilities, Weirdness & Mutations

You are tiny and cannot use many weapons and most armour.
You have supernaturally acute eyesight.
You are a herbivore.
You cover ground extremely quickly.
You need consume almost no food.


Message History

You feel better. Valeaz's ghost misses you.
Casting: Confuse
Confirm with . or Enter, or press ? or * to list all spells.
Aiming: Corona
Press: ? - help, Shift-Dir - straight line, f/p - Valeaz's ghost
Aim: Valeaz's ghost (water, lightly damaged) Valeaz's ghost is outlined in light.
Valeaz's ghost hits you.
You hit Valeaz's ghost but do no damage.
Valeaz's ghost is lightly damaged.
Valeaz's ghost barely misses you.
You hit Valeaz's ghost but do no damage.
Valeaz's ghost is lightly damaged.
Valeaz's ghost hits you.
You hit Valeaz's ghost but do no damage.
Valeaz's ghost is lightly damaged.
Valeaz's ghost misses you.
You hit Valeaz's ghost but do no damage.
Valeaz's ghost is lightly damaged.
Valeaz's ghost hits you!
You die...

≈## ≈.## ≈≈.#
..P# P..#
#######P≈.#
###..≈.≈≈...#
#PPPP≈∩∩.≈≈.#
#..#≈#≈.@≈≈≈##
#≈≈p≈≈≈#
#≈≈≈≈≈≈#
#≈≈≈≈###
#≈≈≈## #####


You could see Valeaz's ghost.

Vanquished Creatures
  3 adders (D:2)
  3 green rats (D:3)
  A giant mite (D:1)
  A grey rat (D:3)
  3 orcs (D:3)
  2 ball pythons
  2 giant cockroaches
  4 goblins
  8 hobgoblins
  2 jackals (D:2)
  5 kobolds
  8 bats
  2 giant newts (D:1)
  8 rats
52 creatures vanquished.

Vanquished Creatures (others)
  A goblin (D:2)
  A toadstool (D:1)
2 creatures vanquished.

Grand Total: 54 creatures vanquished

Notes
Turn   | Place    | Note
--------------------------------------------------------------
     0 | D:1      | Chimkentus, the Spriggan Enchanter, began the quest for the Orb.
     0 | D:1      | Reached XP level 1. HP: 9/9 MP: 4/4
   401 | D:1      | Reached skill level 4 in Hexes
   401 | D:1      | Reached XP level 2. HP: 13/13 MP: 4/6
   406 | D:1      | Learned a level 2 spell: Ensorcelled Hibernation
  1420 | D:1      | Reached XP level 3. HP: 16/16 MP: 6/9
  1540 | D:1      | Learned a level 3 spell: Confuse
  2315 | D:2      | Reached XP level 4. HP: 21/21 MP: 10/12
  3146 | D:3      | Reached skill level 1 in Ice Magic
  3242 | D:3      | Reached skill level 5 in Hexes
  3246 | D:3      | Found a glowing drain. 3254
                  | sewer
                  | Entered the sewers 3254
                  | sewer
                  | Noticed Valeaz's ghost (average MiFi) 3280
                  | sewer
                  | Slain by Valeaz's ghost
